 Dungeon Sprint DCSS version 0.19.0-2-gae57169 (webtiles) character file.

2333 LORDOFBUTT the Unseen (level 9, -10/39 HPs)
             Began as a Spriggan Enchanter on Nov 5, 2016.
             Was a Follower of Dithmenos.
             Shot with a bolt by a yaktaur (13 damage)
             ... in the Dungeon (Sprint II: "The Violet Keep of Menkaure").
             The game lasted 00:03:19 (623 turns).

LORDOFBUTT the Unseen (Spriggan Enchanter)           Turns: 623, Time: 00:03:19

Health: -10/39     AC:  4    Str:  7    XL:     9   Next: 19%
Magic:  22/27      EV: 18    Int: 16    God:    Dithmenos [*.....]
Gold:   839        SH:  0    Dex: 17    Spells: 3 memorised, 28 levels left

rFire  . . .     SeeInvis +     a - +1 dagger
rCold  . . .     Gourm    .     b - +1 robe
rNeg   . . .     Faith    .     (shield restricted)
rPois  +         Spirit   .     (helmet restricted)
rElec  .         Reflect  .     p - +0 cloak {rPois}
rCorr  .         Harm     .     (gloves unavailable)
MR     +....     NoTele   +     (boots unavailable)
Stlth  ++++++++..               (no amulet)
                                (no ring)
                                (no ring)

@: wreathed by umbra, very quick
A: unfitting armour, see invisible, herbivore 3, speed 3, slow metabolism 2
a: Renounce Religion


You were in the Dungeon.
You worshipped Dithmenos.
Dithmenos was aware of your devotion.
You were not hungry.

You visited 1 branch You collected 839 gold pieces.

Inventory:

Hand Weapons
 a - a +1 dagger (weapon)
Missiles
 v - 14 poisoned needles
Armour
 b - a +1 robe (worn)
 p - a +0 cloak of poison resistance (worn)
Scrolls
 j - a scroll of blinking
 l - 2 scrolls of identify {unknown}
 m - 2 scrolls of amnesia {unknown}
 n - 2 scrolls of fear {unknown}
 q - a scroll of remove curse {unknown}
 s - a scroll of fog {unknown}
 t - a scroll of recharging {unknown}
Potions
 e - 3 potions of curing
 f - a potion of heal wounds
 g - 2 potions of haste
 h - 5 potions of magic
 i - 4 potions of resistance {unknown}
 k - 4 potions of flight {unknown}
 o - a potion of agility {unknown}
Books
 c - a book of Maledictions

   Spells                             Type                      Level
   a - Corona                         Hexes                        1
   b - Ensorcelled Hibernation        Hexes/Ice                    2
   c - Confuse                        Hexes                        3
   d - Tukima's Dance                 Hexes                        3
   e - Dazzling Spray                 Conjuration/Hexes            3
Comestibles
 d - 4 bread rations
 r - a royal jelly
 u - a slice of pizza


   Skills:
 + Level 8.9 Short Blades
 - Level 3.0 Dodging
 * Level 16.8 Stealth
 * Level 13.2 Spellcasting
 * Level 13.4 Hexes


You had 28 spell levels left.
You knew the following spells:

 Your Spells              Type           Power        Failure   Level  Hunger
a - Corona                Hex            ######.      1%          1    None
b - Ensorcelled Hibernat  Hex/Ice        ####..       1%          2    None
c - Confuse               Hex            ######..     1%          3    None


Dungeon Overview and Level Annotations

Branches:
Dungeon (1/1)

Altars:
Cheibriados
Dithmenos
Elyvilon
Fedhas
Gozag
Hepliaklqana
Kikubaaqudgha
Makhleb
Nemelex Xobeh
Okawaru
Qazlal
Ru
Sif Muna
Trog
Uskayaw
Vehumet
Xom
Yredelemnul
Zin
The Shining One
Beogh
Jiyva
Lugonu

Shops:
D %[(=:![([}=

Annotations:
D exclusion: ice statue


Innate Abilities, Weirdness & Mutations

You are very small and have problems with some larger weapons.
You are too small for most types of armour.
You have supernaturally acute eyesight. (SInv)
You are a herbivore.
You cover ground extremely quickly.
You need consume almost no food.


Message History

Aiming: Ensorcelled Hibernation
Press: ? - help, Shift-Dir - straight line, f - polar bear
Aim: a polar bear (not susceptible)
Okay, then.
Casting: Ensorcelled Hibernation
Confirm with . or Enter, or press ? or * to list all spells.
Aiming: Confuse
Press: ? - help, Shift-Dir - straight line, f - polar bear
Aim: a polar bear (chance to defeat MR: 73%)
The polar bear appears confused.
You see here a polar bear corpse.
The helpless hornet fails to defend itself.
You stick the hornet like a pincushion!!!!
You kill the hornet!
Dithmenos accepts your kill.
You are shrouded in an aura of darkness!
You hit the polar bear but do no damage.
The yaktaur shouts!
The yaktaur wields an arbalest.
The yaktaur shoots a bolt.
The bolt hits you!
You die...

.§ #§§§▓§≈≈§§≈≈≈▓▓ +++##
#§}▓▓▓▓▓▓▓▓▓▓▓ ....#
#[§▓.[...(.)▓▓ ##..#
#§)▓)...)...▓▓ .##.####
+.####))▓[).....[▓▓ #.#....#
...####▓....((..▓▓ .####..##
#..##c#▓..))..([▓▓ ###†##..#
+..#h†#▓..).(...▓▓ ##...#..#
#..#†@#▓([.[(.%)▓▓
.'###+..####..##.#▓..)%.[)(▓▓
##†.$#....###...##▓▓▓▓▓▓▓'▓▓▓▓+▓
# #.##.§....≈≈≈≈≈≈≈≈≈≈≈≈≈...Xw≈▓
#####≈≈....§≈#+########+###V≈w≈▓
..#≈≈≈≈§≈≈§.≈#....._..#t≈§##≈≈≈▓
.##≈≈≈§§≈≈≈.≈#...._._.#≈§§≈####▓
##≈≈≈≈≈≈≈≈≈≈≈#..._._._#≈≈§§
≈≈≈≈§≈§≈≈≈§§≈#.._._._.#≈≈t§≈≈


You could see a polar bear (confused) and a yaktaur.

Vanquished Creatures
  2 polar bears (D)
  2 tyrant leeches (D)
  A hornet (D)
  2 hippogriffs (D)
  4 neqoxecs (D)
  4 necrophages (D)
  2 crocodiles (D)
17 creatures vanquished.

Vanquished Creatures (others)
  Menkaure (D)
  8 tentacles (D)
9 creatures vanquished.

Grand Total: 26 creatures vanquished

Notes
Turn   | Place    | Note
-------+----------+-------------------------------------------
     0 | D        | LORDOFBUTT the Spriggan Enchanter began the quest for the Orb.
     0 | D        | Reached XP level 1. HP: 9/9 MP: 5/5
     1 | D        | Noticed a necrophage
     1 | D        | Noticed a necrophage
     1 | D        | Noticed a necrophage
     1 | D        | Noticed a necrophage
     8 | D        | Killed a necrophage
     8 | D        | Reached skill level 8 in Stealth
     8 | D        | Reached skill level 5 in Spellcasting
     8 | D        | Reached XP level 2. HP: 13/13 MP: 5/9
     8 | D        | Reached XP level 3. HP: 16/16 MP: 6/11
     8 | D        | Reached XP level 4. HP: 21/21 MP: 6/12
    15 | D        | Killed a necrophage
    15 | D        | Reached skill level 9 in Stealth
    15 | D        | Reached XP level 5. HP: 24/24 MP: 6/15
    23 | D        | Killed a necrophage
    23 | D        | Reached skill level 5 in Short Blades
    23 | D        | Reached skill level 11 in Stealth
    27 | D        | Killed a necrophage
    27 | D        | Reached XP level 6. HP: 28/28 MP: 7/18
    58 | D        | Killed Menkaure
    88 | D        | Learned a level 2 spell: Ensorcelled Hibernation
    92 | D        | Learned a level 3 spell: Confuse
    98 | D        | Noticed a neqoxec
   101 | D        | Killed a neqoxec
   101 | D        | Reached skill level 12 in Stealth
   101 | D        | Reached skill level 10 in Hexes
   102 | D        | Noticed a neqoxec
   103 | D        | Killed a neqoxec
   103 | D        | Reached skill level 13 in Stealth
   103 | D        | Reached skill level 10 in Spellcasting
   103 | D        | Reached XP level 7. HP: 32/32 MP: 18/21
   104 | D        | Noticed a neqoxec
   104 | D        | Noticed a neqoxec
   106 | D        | Killed a neqoxec
   108 | D        | Killed a neqoxec
   108 | D        | Reached skill level 14 in Stealth
   117 | D        | Noticed a tyrant leech
   117 | D        | Noticed a tyrant leech
   129 | D        | Killed a tyrant leech
   129 | D        | Reached XP level 8. HP: 36/36 MP: 16/24
   140 | D        | Killed a tyrant leech
   140 | D        | Reached skill level 15 in Stealth
   178 | D        | Noticed a hippogriff
   178 | D        | Noticed a hippogriff
   182 | D        | Killed a hippogriff
   187 | D        | Killed a hippogriff
   195 | D        | Noticed a flying skull
   195 | D        | Noticed a flying skull
   196 | D        | Noticed a flying skull
   196 | D        | Noticed a flying skull
   196 | D        | Noticed a flying skull
   196 | D        | Noticed a flying skull
   196 | D        | Noticed a flying skull
   196 | D        | Noticed a flying skull
   196 | D        | Noticed a flying skull
   197 | D        | Noticed a flying skull
   197 | D        | Noticed a flying skull
   198 | D        | Noticed a flying skull
   209 | D        | Noticed an ice statue
   212 | D        | Found Koalel's Jewellery Shop.
   213 | D        | Found Fitzikhi's Antique Armour Boutique.
   213 | D        | Found Worrom's Gadget Boutique.
   214 | D        | Found Wetiun's Antique Armour Shop.
   214 | D        | Found Kaythot's Antique Weapon Shop.
   215 | D        | Found Gaer's Book Boutique.
   215 | D        | Found Daophih's Distillery.
   216 | D        | Found Imosuk's Antique Weapon Shop.
   216 | D        | Found Biolotte's Jewellery Shop.
   217 | D        | Found Webruopp's Antique Armour Shop.
   217 | D        | Found Gihomiob's Food Boutique.
   220 | D        | Noticed a hell hog
   277 | D        | Noticed a hell hog
   295 | D        | Found a blossoming altar of Fedhas.
   296 | D        | Found a white marble altar of Elyvilon.
   297 | D        | Found a shadowy altar of Dithmenos.
   297 | D        | Found a corrupted altar of Lugonu.
   297 | D        | Found an opulent altar of Gozag.
   297 | D        | Found a burning altar of Makhleb.
   298 | D        | Found a snail-covered altar of Cheibriados.
   298 | D        | Found an ancient bone altar of Kikubaaqudgha.
   298 | D        | Found a bloodstained altar of Trog.
   299 | D        | Found a roughly hewn altar of Beogh.
   299 | D        | Found a viscous altar of Jiyva.
   299 | D        | Found a deep blue altar of Sif Muna.
   300 | D        | Found a hazy altar of Hepliaklqana.
   300 | D        | Found a sacrificial altar of Ru.
   301 | D        | Found a stormy altar of Qazlal.
   301 | D        | Found a shimmering altar of Xom.
   301 | D        | Found a basalt altar of Yredelemnul.
   303 | D        | Found a sparkling altar of Nemelex Xobeh.
   303 | D        | Found a hide-covered altar of Uskayaw.
   303 | D        | Found a glowing silver altar of Zin.
   304 | D        | Found an iron altar of Okawaru.
   304 | D        | Found a radiant altar of Vehumet.
   304 | D        | Found a glowing golden altar of the Shining One.
   310 | D        | Became a worshipper of Dithmenos the Shadowed
   323 | D        | Noticed a kraken
   327 | D        | HP: 1/36 [tentacle[a kraken] (13)]
   608 | D        | HP: 1/36 [tentacle[a kraken] (7)]
   616 | D        | Noticed a yaktaur
   616 | D        | Noticed a hornet
   616 | D        | Noticed a polar bear
   617 | D        | Noticed a polar bear
   617 | D        | Noticed a polar bear
   618 | D        | Killed a polar bear
   618 | D        | Reached skill level 16 in Stealth
   619 | D        | Killed a polar bear
   619 | D        | Reached XP level 9. HP: 2/39 MP: 25/27
   622 | D        | Reached * piety under Dithmenos
   623 | D        | Shot with a bolt by a yaktaur

Skill      XL: |  1  2  3  4  5  6  7  8 |
---------------+-------------------------+-----
Short Blades   | 3 4 5 6 7 8 |  8.9
Stealth        | 8 9 11 13 14 16 | 16.8
Spellcasting   | 5 7 8 10 11 13 | 13.2
Hexes          | 6 7 9 10 11 13 | 13.4
Dodging        | |  3.0

Action                   |  1- 3 |  4- 6 |  7- 9 || total
-------------------------+-------+-------+-------++-------
Melee: Dagger            |     4 |    20 |    27 ||    51
 Cast: Confuse           |       |       |     3 ||     3
       Ensorcelled Hiber |       |       |     7 ||     7
  Use: Potion            |     1 |       |       ||     1
 Stab: Sleeping          |       |     2 |     9 ||    11
       Confused          |       |       |     4 ||     4
Armor: Robe              |     1 |     1 |     1 ||     3
Dodge: Dodged            |     4 |    11 |    21 ||    36
